 Dungeon Crawl Stone Soup version 0.17.1-3-g152610e (webtiles) character file.

65 Zhenya25pyc the Shield-Bearer (level 4, -1/29 HPs)
             Began as a Gargoyle Fighter on Apr 1, 2016.
             Was an Initiate of Okawaru.
             Killed by divine providence
             ... invoked by an orc priest
              (10 damage)
             ... on level 3 of the Dungeon.
             The game lasted 00:05:22 (2032 turns).

Zhenya25pyc the Shield-Bearer (Gargoyle Fighter)    Turns: 2032, Time: 00:05:26

Health: -1/29      AC: 10    Str: 21    XL:     4   Next: 14%
Magic:  4/4        EV:  7    Int:  8    God:    Okawaru [......]
Gold:   112        SH:  9    Dex:  9    Spells: 0 memorised, 3 levels left

rFire  . . .     SeeInvis .     h - +0 mace
rCold  . . .     Clarity  .     b - +0 scale mail
rNeg   + . .     SustAt   .     c - +0 shield
rPois  ∞         Gourm    .     (no helmet)
rElec  +         Spirit   .     (no cloak)
rCorr  .         Warding  .     (no gloves)
rMut   .         Stasis   .     (no boots)
MR     .....                    (no amulet)
Stlth  ..........               (no ring)
                                (no ring)

@: not resistant to hostile enchantments, extremely unstealthy
A: negative energy resistance 1, electricity resistance, unbreathing,
petrification resistance, rot immunity, AC +3
a: Renounce Religion


You were on level 3 of the Dungeon.
You worshipped Okawaru.
Okawaru was noncommittal.
You were not hungry.

You visited 1 branch of the dungeon, and saw 3 of its levels.

You collected 112 gold pieces.

Inventory:

Hand Weapons
 a - a +0 flail
 h - a +0 mace (weapon)
Missiles
 p - 7 tomahawks (quivered)
Armour
 b - a +0 scale mail (worn)
 c - a +0 shield (worn)
Jewellery
 s - an uncursed amulet of the gourmand
Wands
 v - a wand of confusion (22)
Scrolls
 g - 3 scrolls of enchant armour {unknown}
 k - 3 scrolls of identify {unknown}
 l - 4 scrolls of remove curse {unknown}
 m - a scroll of fog {unknown}
Potions
 d - a potion of might
 f - 2 potions of brilliance {unknown}
 i - a potion of curing {unknown}
 n - a potion of resistance {unknown}
 q - a potion of haste {unknown}
 t - 2 potions of flight {unknown}
 u - a potion of agility {unknown}
 z - a potion of lignification {unknown}
Comestibles
 e - 5 bread rations
 j - 2 meat rations
 o - a slice of pizza
 r - 2 fruits


   Skills:
 + Level 3.8 Fighting
 + Level 2.2 Maces & Flails
 + Level 3.8 Armour
 + Level 1.0 Dodging
 + Level 4.0 Shields


You had 3 spell levels left.
You didn't know any spells.

Dungeon Overview and Level Annotations

Branches:
Dungeon (3/15)

Altars:
Nemelex Xobeh
Okawaru
Qazlal
Trog
Xom
Zin


Innate Abilities, Weirdness & Mutations

You are resistant to torment.
Your stone body is resilient (AC +3).
You are immune to poison.
You resist negative energy.
You are resistant to electric shocks.
You can survive without breathing.
You are immune to petrification.
You are immune to rotting.


Message History

You hit the orc priest but do no damage.
The orc priest is lightly wounded.
The orc priest hits you with a flail. The orc barely misses you.
You closely miss the orc priest.
The orc priest is lightly wounded.
The orc hits you but does no damage. You block the orc's attack.
The orc priest casts a cantrip, but nothing happens.
You block the orc's attack.
You closely miss the orc priest.
The orc priest is lightly wounded.
The orc hits you but does no damage.
The orc priest hits you but does no damage.
The orc hits you but does no damage. You block the orc's attack.
You hit the orc priest but do no damage.
The orc priest is lightly wounded.
The orc priest misses you. You block the orc's attack.
You block the orc's attack.
The orc priest invokes the aid of Beogh against you.
Something smites you!
You die...

##..........##.....#
.#..........##.....#
.#.[........##.#...####
.#.....................
.######.#'####.#....##
.# #.#.##........# ##
#.#.##.#.#....#
#.#.##.#.#.o..#
#.#.##.#.#@o..#
#.#.##.#.#o#(..#
#.#.##.#.#o#...#
#.#.##.#.#o#....#
#.#.#.# ..[.. #.# ...##
#.# ..# #..


You could see an orc priest and 4 orcs.

Vanquished Creatures
  Jessica (D:3)
  An adder (D:2)
  An ooze (D:1)
  A giant gecko (D:1)
  An orc (D:3)
  3 bats
  2 goblins
  3 hobgoblins
  5 kobolds
  2 quokkas
  A giant cockroach (D:1)
  2 giant newts
  3 rats
26 creatures vanquished.

Notes
Turn   | Place    | Note
--------------------------------------------------------------
     0 | D:1      | Zhenya25pyc the Gargoyle Fighter began the quest for the Orb.
     0 | D:1      | Reached XP level 1. HP: 14/14 MP: 1/1
   110 | D:1      | Reached XP level 2. HP: 19/19 MP: 2/2
  1018 | D:2      | Reached XP level 3. HP: 22/24 MP: 3/3
  1163 | D:2      | Found a bloodstained altar of Trog.
  1163 | D:2      | Found a sparkling altar of Nemelex Xobeh.
  1163 | D:2      | Found a shimmering altar of Xom.
  1164 | D:2      | Found a stormy altar of Qazlal.
  1166 | D:2      | Found a glowing silver altar of Zin.
  1167 | D:2      | Found an iron altar of Okawaru.
  1176 | D:2      | Became a worshipper of Warmaster Okawaru
  1601 | D:3      | Noticed Jessica
  1624 | D:3      | Killed Jessica
  1624 | D:3      | Reached skill level 1 in Dodging
  1624 | D:3      | Reached XP level 4. HP: 14/29 MP: 4/4
  1998 | D:3      | Reached skill level 4 in Shields
  2032 | D:3      | Killed from afar by an orc priest

Action                   |  1- 3 |  4- 6 || total
-------------------------+-------+-------++-------
Melee: Flail             |     7 |       ||     7
       Mace              |    84 |    18 ||   102
  Eat: Fruit             |     2 |       ||     2
       Beef jerky        |       |     1 ||     1
       Chunk             |       |     1 ||     1
